[Event "41st Amateur D7"]
[Site "ChessGUI4"]
[Date "2013.07.04"]
[Round "3.5"]
[White "Shallow 1.0 64-bit"]
[Black "MadChess 1.2"]
[Result "0-1"]
[BlackElo "2200"]
[ECO "A17"]
[EventDate "2013.??.??"]
[TimeControl "40/1500:40/1500:40/1500"]
[WhiteElo "2200"]

{ i5 Quad } 1.c4 Nf6 2.Nc3 e6 3.Nf3 Bb4 4.g3 O-O 5.Bg2 d5 6.a3 Bxc3 7.dxc3 Nbd7 8.cxd5 exd5 9.Be3 Nb6
{ [%eval 25,11] [%emt 0:00:43] (Qe7) } 10.Bc5
{ [%eval 2,13] [%emt 0:00:42] (b3) } 10...Re8
{ [%eval 44,13] [%emt 0:01:15] (Re8) } 11.Bxb6
{ [%eval 0,13] [%emt 0:00:42] (O-O) } 11...axb6
{ [%eval 66,11] [%emt 0:00:29] (axb6) } 12.e3
{ [%eval -2,13] [%emt 0:00:42] (O-O) } 12...Qd6
{ [%eval 63,10] [%emt 0:00:34] (Qd6) } 13.Qd3
{ [%eval 0,13] [%emt 0: 00:42] (O-O) } 13...Bd7
{ [%eval 54,10] [%emt 0:01:05] (Bg4) } 14.O-O
{ [%eval -1,13] [%emt 0:00:42] (O-O) } 14...g6
{ [%eval 55,9] [%emt 0:00:18] (Rad8) } 15.Qd4
{ [%eval 12,12] [%emt 0:00:42] (Rad1) } 15...Bb5
{ [%eval 76,11] [%emt 0:00:48] (Rad8) } 16.Rfe1
{ [%eval 13,13] [%emt 0:00:42] (Rfd1) } 16...Ra4
{ [%eval 63,11] [%emt 0:01:04] (Ne4) } 17.Qd1
{ [%eval 17,13] [%emt 0:00:42] (Qd2) } 17...Bd7
{ [%eval 50,10] [%emt 0: 00:43] (Bd7) } 18.Rb1
{ [%eval 14,13] [%emt 0:00:42] (Nd2) } 18...b5
{ [%eval 77,9] [%emt 0:00:43] (b5) } 19.Rc1
{ [%eval 11,13] [%emt 0:00:42] (Qb3) } 19...c5
{ [%eval 66,8] [%emt 0:00:17] (c6) } 20.Qe2
{ [%eval 13,12] [%emt 0:00:42] (Nd2) } 20...b6
{ [%eval 63,8] [%emt 0:00:21] (Ra5) } 21.Ng5
{ [%eval 8,13] [%emt 0:00:42] (Nd2) } 21...h6
{ [%eval 64,9] [%emt 0:00:26] (Bc6) } 22.Nh3
{ [%eval 16,13] [%emt 0:00:42] (Nh3) } 22...Bc6
{ [%eval 49,10] [%emt 0:00:49] (Bc6) } 23.Nf4
{ [%eval 14,13] [%emt 0: 00:42] (f3) } 23...g5
{ [%eval 43,10] [%emt 0:00:42] (Raa8) } 24.Nh5
{ [%eval 22,14] [%emt 0:00:42] (Nh5) } 24...Ne4
{ [%eval 43,11] [%emt 0:00:40] (Ne4) } 25.f3
{ [%eval 20,14] [%emt 0:00:42] (f3) } 25...Nf6
{ [%eval 40,12] [%emt 0:00:23] (Nf6) } 26.Nxf6+
{ [%eval 20,13] [%emt 0:00:42] (Nxf6) } 26...Qxf6
{ [%eval 37,11] [%emt 0:00:28] (Qxf6) } 27.Qf2
{ [%eval 18,13] [%emt 0:00:42] (f4) } 27...Qe6
{ [%eval 46,10] [%emt 0:00:24] (Raa8) } 28.f4
{ [%eval 22,13] [%emt 0:00:42] (Bf1) } 28...f5
{ [%eval 40,10] [%emt 0: 00:40] (Ra7) } 29.Rcd1
{ [%eval 22,13] [%emt 0:00:42] (Rcd1) } 29...Ra7
{ [%eval 41,10] [%emt 0:00:29] (Ra7) } 30.Qf3
{ [%eval 23,13] [%emt 0:00:42] (Qd2) } 30...Qf7
{ [%eval 38,10] [%emt 0:00:42] (Qg6) } 31.g4
{ [%eval 36,13] [%emt 0:00:42] (Qf2) } 31...fxg4
{ [%eval -39,10] [%emt 0:00:31] (fxg4) } 32.Qxg4
{ [%eval 82,13] [%emt 0:00: 42] (Qxg4) } 32...Qe6
{ [%eval -60,12] [%emt 0:00:41] (Qe6) } 33.Qxe6+
{ [%eval 83,14] [%emt 0:00:42] (Qxe6) } 33...Rxe6
{ [%eval -54,14] [%emt 0:00:48] (Rxe6) } 34.Rxd5
{ [%eval 83,14] [%emt 0:00:42] (fxg5) } 34...gxf4
{ [%eval -40,14] [%emt 0:00:32] (gxf4) } 35.Rd8+
{ [%eval 85,14] [%emt 0:00:42] (Rd8) } 35...Kh7
{ [%eval -73,15] [%emt 0:00: 47] (Kf7) } 36.Bxc6
{ [%eval 88,13] [%emt 0:00:42] (Bxc6) } 36...Rg6+
{ [%eval -84,15] [%emt 0:00:30] (Rg7) } 37.Kh1
{ [%eval 91,14] [%emt 0:00:42] (Kh1) } 37...Rxc6
{ [%eval -105,16] [%emt 0:01:44] (Rxc6) } 38.exf4
{ [%eval 91,13] [%emt 0:00:42] (exf4) } 38...Rf7
{ [%eval -105,15] [%emt 0:00:54] (b4) } 39.Rf1
{ [%eval 91,13] [%emt 0:00:42] (Re4) } 39...Rcf6
{ [%eval -90,16] [%emt 0:02:05] (Rcf6) } 40.Rb8
{ [%eval 93, 13] [%emt 0:00:42] (Rb8) } 40...Kg6
{ [%eval -118,15] [%emt 0:01:02] (Kg6) } 41.f5+
{ [%eval 91,13] [%emt 0:00:37] (b4) } 41...Kh5
{ [%eval -88,14] [%emt 0:00:44] (Kh5) } 42.Rf3
{ [%eval 88,13] [%emt 0:00:37] (Kg2) } 42...Kh4
{ [%eval -73,16] [%emt 0:01:32] (Kh4) } 43.Rf4+
{ [%eval 87,13] [%emt 0:00:37] (Kg2) } 43...Kg5
{ [%eval -73,18] [%emt 0:04:04] (Kg5) } 44.Rf2
{ [%eval 85,14] [%emt 0:00:37] (Rf2) } 44...Kh4
{ [%eval -73, 16] [%emt 0:02:20] (Kh4) } 45.Rf4+
{ [%eval 86,13] [%emt 0:00:37] (b3) } 45...Kh5
{ [%eval 0,100] [%emt 0:00:01] (Kg5) } 46.Kg2 Rxf5
{ [%eval -105,16] [%emt 0:01:10] (Rg7) } 47.Rxf5+
{ [%eval 117,15] [%emt 0:00:37] (Rxf5) } 47...Rxf5
{ [%eval -119,16] [%emt 0:00:38] (Rxf5) } 48.Rxb6
{ [%eval 120,16] [%emt 0:00:37] (Rxb6) } 48...c4
{ [%eval -151,15] [%emt 0:00:21] (c4) } 49.Kg3
{ [%eval 136,16] [%emt 0:00:37] (Kg3) } 49...Kg5
{ [%eval -164,16] [%emt 0:00:43] (Rg5) } 50.h4+
{ [%eval 145,16] [%emt 0:00:37] (h4) } 50...Kh5
{ [%eval -164,16] [%emt 0:00: 00] (Kh5) } 51.Rd6 Re5
{ [%eval -156,16] [%emt 0:01:08] (Re5) } 52.Kf3
{ [%eval 159,17] [%emt 0:00:37] (Rc6) } 52...Rc5
{ [%eval -154, 15] [%emt 0:00:31] (Rf5) } 53.Kf4
{ [%eval 203,16] [%emt 0:00:37] (Kf4) } 53...Rc7
{ [%eval -179,16] [%emt 0:00:55] (Rc7) } 54.Rd5+
{ [%eval 200,16] [%emt 0:00:37] (Rd5) } 54...Kxh4
{ [%eval -212,15] [%emt 0:00:21] (Kxh4) } 55.Rxb5
{ [%eval 191,16] [%emt 0:00:37] (Rxb5) } 55...h5
{ [%eval -192,15] [%emt 0:00:41] (h5) } 56.Ke5
{ [%eval 184,15] [%emt 0:00:37] (a4) } 56...Kg4
{ [%eval -97,13] [%emt 0:00:18] (Rc8) } 57.Kd6
{ [%eval 107,16] [%emt 0:00:37] (Rb8) } 57...Rc8
{ [%eval -50,16] [%emt 0:01: 19] (Rc8) } 58.Kd7
{ [%eval 105,15] [%emt 0:00:37] (Rb4) } 58...Rf8
{ [%eval -40,15] [%emt 0:00:38] (Rf8) } 59.Rc5
{ [%eval 94,15] [%emt 0:00:37] (Ke7) } 59...Rf4
{ [%eval 12,15] [%emt 0:00:53] (Rf4) } 60.Rc6
{ [%eval 84,15] [%emt 0:00:37] (a4) } 60...h4
{ [%eval 0,14] [%emt 0:00:21] (h4) } 61.Rg6+
{ [%eval 84,14] [%emt 0:00:37] (Rg6) } 61...Kf3
{ [%eval 24,13] [%emt 0:00:15] (Kf5) } 62.Rh6
{ [%eval 66,14] [%emt 0: 00:37] (Rh6) } 62...Kg3
{ [%eval 62,13] [%emt 0:00:20] (Kg3) } 63.Rg6+
{ [%eval -249, 15] [%emt 0:00:59] (Rg6) } 63...Rg4
{ [%eval 76,15] [%emt 0:00:23] (Rg4) } 64.Re6
{ [%eval -268,16] [%emt 0:00:36] (Re6) } 64...h3
{ [%eval 53,14] [%emt 0:00:13] (h3) } 65.Re3+
{ [%eval -273,15] [%emt 0:00:36] (Re3) } 65...Kh4
{ [%eval 140,13] [%emt 0:00: 10] (Kg2) } 66.Re2
{ [%eval -266,15] [%emt 0:00:36] (Re2) } 66...Rg2
{ [%eval 165,13] [%emt 0:00:15] (Kg3) } 67.Re8
{ [%eval -251,13] [%emt 0:00:59] (Re4) } 67...Rxb2
{ [%eval 190,13] [%emt 0:00:23] (Rg7) } 68.Rh8+
{ [%eval -101,13] [%emt 0:00:35] (Rh8) } 68...Kg3
{ [%eval 211,13] [%emt 0:00:15] (Kg3) } 69.Rg8+
{ [%eval -261,16] [%emt 0:00:35] (Rg8) } 69...Kf2
{ [%eval 197,14] [%emt 0:00:26] (Kf2) } 70.Rh8
{ [%eval -262,16] [%emt 0:00:35] (Rf8) } 70...Rd2+
{ [%eval 249,15] [%emt 0:00:22] (Kg2) } 71.Kc6
{ [%eval -246,16] [%emt 0:00:35] (Kc6) } 71...Rd3
{ [%eval 267,14] [%emt 0: 00:09] (Kg2) } 72.Kb5
{ [%eval -169,13] [%emt 0:00:35] (a4) } 72...Rxc3
{ [%eval 283, 14] [%emt 0:00:20] (Rxc3) } 73.Kb4
{ [%eval -180,13] [%emt 0:00:35] (Kb4) } 73...Rb3+
{ [%eval 295,14] [%emt 0:00:15] (Rb3) } 74.Kxc4
{ [%eval -188,13] [%emt 0:00:35] (Kxc4) } 74...Rxa3
{ [%eval 320,15] [%emt 0:00:26] (Rxa3) } 0-1

[Event "41st Amateur D7"]
[Site "ChessGUI4"]
[Date "2013.07.04"]
[Round "4.1"]
[White "Tigran 2.3 64-bit"]
[Black "Carballo 0.8"]
[Result "1-0"]
[BlackElo "2273"]
[ECO "D02"]
[EventDate "2013.??.??"]
[TimeControl "40/1500:40/1500:40/1500"]
[WhiteElo "2289"]

{ i5 Quad } 1.d4 d5 2.Bf4 Nf6 3.e3 c5 4.c3 Nc6 5.Nd2 e6 6.Ngf3 Bd6 7.Bg3 O-O 8.Bd3 b6 9.O-O Bb7
{ [%eval 4,12] [%emt 0:00:37] (Bxg3) } 10.Ne5
{ [%eval 9,13] [%emt 0:00:42] (a4) } 10...c4
{ [%eval 9,12] [%emt 0:00:36] (Rc8) } 11.Bc2
{ [%eval 12,12] [%emt 0:00:42] (Bc2) } 11...Bxe5
{ [%eval 4,13] [%emt 0:00:35] (Qc7) } 12.dxe5
{ [%eval 46,14] [%emt 0:00:41] (dxe5) } 12...Nd7
{ [%eval -3,14] [%emt 0:00:34] (Nd7) } 13.Nf3
{ [%eval 46,13] [%emt 0:00:43] (f4) } 13...Nc5
{ [%eval 17,13] [%emt 0:00:33] (Qb8) } 14.Qb1
{ [%eval 53,12] [%emt 0:00:43] (b4) } 14...g6
{ [%eval 19,14] [%emt 0:00:32] (g6) } 15.b4
{ [%eval 63, 15] [%emt 0:00:43] (b4) } 15...cxb3
{ [%eval 9,15] [%emt 0:00:32] (cxb3) } 16.axb3
{ [%eval 55,14] [%emt 0:00:43] (axb3) } 16...Qc7
{ [%eval 10,13] [%emt 0:00:31] (Qc7) } 17.Re1
{ [%eval 46,13] [%emt 0:00:43] (Qb2) } 17...a5
{ [%eval 22,13] [%emt 0:00:30] (a5) } 18.e4
{ [%eval 45,13] [%emt 0:00:36] (Qb2) } 18...Ne7
{ [%eval 26,14] [%emt 0: 00:29] (dxe4) } 19.exd5
{ [%eval 61,14] [%emt 0:00:44] (exd5) } 19...Nxd5
{ [%eval 30, 13] [%emt 0:00:29] (Nxd5) } 20.Qb2
{ [%eval 55,14] [%emt 0:00:44] (Qb2) } 20...b5
{ [%eval 34,13] [%emt 0:00:28] (Na6) } 21.Nd4
{ [%eval 66,13] [%emt 0:00:44] (Nd4) } 21...b4
{ [%eval 35,13] [%emt 0:00:27] (b4) } 22.c4
{ [%eval 50,14] [%emt 0:00:44] (c4) } 22...Nc3
{ [%eval 40,13] [%emt 0:00:26] (Nc3) } 23.f3
{ [%eval 43,13] [%emt 0: 00:45] (Ne2) } 23...Ba6
{ [%eval 74,13] [%emt 0:00:26] (Rfd8) } 24.Bh4
{ [%eval 45,12] [%emt 0:00:38] (Ne2) } 24...Rfb8
{ [%eval 127,10] [%emt 0:00:25] (Rfd8) } 25.Qc1
{ [%eval 81,11] [%emt 0:00:46] (f4) } 25...Qd7
{ [%eval 75,11] [%emt 0:00:24] (Qd7) } 26.Qe3
{ [%eval 170,13] [%emt 0:00:46] (Qf4) } 26...a4
{ [%eval 102,12] [%emt 0:00:24] (Bb7) } 27.Bf6
{ [%eval 260,13] [%emt 0:00:46] (Bf2) } 27...Qc8
{ [%eval 18,10] [%emt 0:00:23] (Kf8) } 28.Nc6
{ [%eval 588,13] [%emt 0:00:47] (Qh6) } 28...Rb7
{ [%eval -517, 10] [%emt 0:00:23] (Rb7) } 29.Qxc5
{ [%eval 634,13] [%emt 0:00:48] (Qxc5) } 29...h5
{ [%eval -546,12] [%emt 0:00:22] (a3) } 30.Ne7+
{ [%eval 672,14] [%emt 0:00:48] (Ne7) } 30...Rxe7
{ [%eval -587,15] [%emt 0:00:21] (Rxe7) } 31.Bxe7
{ [%eval 677,14] [%emt 0:00:48] (Bxe7) } 31...Qxc5+
{ [%eval -599,14] [%emt 0:00:21] (Qxc5) } 32.Bxc5
{ [%eval 716,16] [%emt 0:00:48] (Bxc5) } 1-0

[Event "41st Amateur D7"]
[Site "ChessGUI4"]
[Date "2013.07.04"]
[Round "4.2"]
[White "FireFly 2.6.0 64-bit"]
[Black "Butcher 1.64 64-bit"]
[Result "1-0"]
[BlackElo "2355"]
[ECO "C10"]
[EventDate "2013.??.??"]
[TimeControl "40/1500:40/1500:40/1500"]
[WhiteElo "2258"]

{ i5 Quad } 1.e4 e6 2.d4 d5 3.Nc3 dxe4 4.Nxe4 Nd7 5.Nf3 Ngf6 6.Bg5 Be7 7.Nxf6+ Bxf6 8.h4 O-O 9.Bd3 h6 { [%eval 0, 12] [%emt 0:01:06] (c5) } 10.Qe2
{ [%eval 75,12] [%emt 0:00:56] (Qe2) } 10...hxg5
{ [%eval 0,12] [%emt 0:00:59] (Re8) } 11.hxg5
{ [%eval 98,12] [%emt 0:00:46] (hxg5) } 11...Bxg5
{ [%eval 0,12] [%emt 0:00:59] (Bxg5) } 12.Nxg5
{ [%eval 299,12] [%emt 0:01:04] (Nxg5) } 12...Qxg5
{ [%eval 345,14] [%emt 0:01:26] (Qxg5) } 13.Rh5
{ [%eval 358,13] [%emt 0:00:28] (Rh5) } 13...Qxh5
{ [%eval 359,14] [%emt 0:01:03] (Qxh5) } 14.Qxh5
{ [%eval 360,13] [%emt 0:00:28] (Qxh5) } 14...Nf6
{ [%eval 369,14] [%emt 0: 01:02] (Nf6) } 15.Qh2
{ [%eval 404,13] [%emt 0:00:23] (Qh2) } 15...c6
{ [%eval 367,13] [%emt 0:01:00] (Rd8) } 16.O-O-O
{ [%eval 406,13] [%emt 0:00:23] (O-O-O) } 16...Rd8
{ [%eval 406,14] [%emt 0:01:00] (Rd8) } 17.Rh1
{ [%eval 451,13] [%emt 0:00:23] (Rh1) } 17...Kf8
{ [%eval 426,14] [%emt 0:01:42] (Kf8) } 18.Qc7
{ [%eval 487,13] [%emt 0:00:24] (Qc7) } 18...Rd7
{ [%eval 405,13] [%emt 0:00:55] (Rd7) } 19.Rh8+
{ [%eval 533, 13] [%emt 0:00:24] (Rh8) } 19...Ke7
{ [%eval 436,13] [%emt 0:00:54] (Ke7) } 20.Qg3
{ [%eval 558,13] [%emt 0:00:24] (Qg3) } 20...g6
{ [%eval 534,13] [%emt 0:01:31] (g6) } 21.Bxg6
{ [%eval 584,13] [%emt 0:00:24] (Bxg6) } 21...Rxd4
{ [%eval 574,12] [%emt 0: 00:42] (Rxd4) } 22.Qa3+
{ [%eval 595,12] [%emt 0:00:25] (Qa3) } 22...Rd6
{ [%eval 621, 12] [%emt 0:00:41] (Rd6) } 23.Bxf7
{ [%eval 656,12] [%emt 0:00:26] (Bxf7) } 23...b5
{ [%eval 613,11] [%emt 0:00:41] (b5) } 24.Bh5
{ [%eval 804,12] [%emt 0:00:26] (Bh5) } 24...Bb7
{ [%eval 755,13] [%emt 0:01:10] (e5) } 25.Qg3
{ [%eval 876,13] [%emt 0:00:26] (Rxa8) } 25...Rxh8
{ [%eval 703,14] [%emt 0:00:37] (Rxh8) } 26.Qg7+
{ [%eval 949,14] [%emt 0:00:26] (Qg7) } 26...Kd8
{ [%eval 669,8] [%emt 0:00:00] (Kd8) } 27.Qxh8+
{ [%eval 963,14] [%emt 0:00:27] (Qxh8) } 27...Kc7
{ [%eval 764,13] [%emt 0:00:39] (Ng8) } 28.Qxf6
{ [%eval 972,14] [%emt 0:00:27] (Qxf6) } 28...Bc8
{ [%eval 810,13] [%emt 0:00:38] (Bc8) } 29.g4
{ [%eval 1014,13] [%emt 0:00:28] (g4) } 29...b4
{ [%eval 823,12] [%emt 0:00:37] (Rd5) } 30.g5
{ [%eval 1211,13] [%emt 0:00:29] (Bf7) } 30...b3
{ [%eval 1,1] [%emt 0:00:00] (e5) } 31.axb3 c5
{ [%eval 1,1] [%emt 0:00:00] (Rd5) } 32.g6 c4 { [%eval 1,1] [%emt 0:00:00] (Rd8) } 33.Qe5 c3
{ [%eval 1,1] [%emt 0:00:00] (c3) } 34.g7 cxb2+ { [%eval 1,1] [%emt 0:00:00] (cxb2) } 35.Kxb2 Ba6
{ [%eval 1,1] [%emt 0:00:00] (Bb7) } 36.g8=Q Bb7
{ [%eval 1,1] [%emt 0:00:00] (Bc8) } 37.Qgg7+ Kb6
{ [%eval 1,1] [%emt 0:00:00] (Kb6) } 38.Qxd6+ Bc6
{ [%eval 1,1] [%emt 0:00:00] (Bc6) } 39.Qgc7+ Ka6
{ [%eval 1,1] [%emt 0:00:00] (Kb5) } 40.Be2# 1-0

[Event "41st Amateur D7"]
[Site "ChessGUI4"]
[Date "2013.07.04"]
[Round "4.4"]
[White "Shallow 1.0 64-bit"]
[Black "Waxman 2011"]
[Result "0-1"]
[BlackElo "2256"]
[ECO "E32"]
[EventDate "2013.??.??"]
[TimeControl "40/1500:40/1500:40/1500"]
[WhiteElo "2200"]

{ i5 Quad } 1.d4 Nf6 2.c4 e6 3.Nc3 Bb4 4.Qc2 O-O 5.a3 Bxc3+ 6.Qxc3 b6 7.Bg5 c5 8.dxc5 bxc5 9.Nf3 Bb7
{ [%eval -43,12] [%emt 0:00:34] (Bb7) } 10.e3
{ [%eval 28,14] [%emt 0:00:42] (e3) } 10...Na6
{ [%eval -40,12] [%emt 0:00:37] (Bxf3) } 11.Ne5
{ [%eval 47,13] [%emt 0:00:42] (Bd3) } 11...h6
{ [%eval -7,12] [%emt 0:00:42] (Nc7) } 12.Bxf6
{ [%eval 56,15] [%emt 0:00:42] (Bxf6) } 12...Qxf6
{ [%eval 13,14] [%emt 0:00:49] (gxf6) } 13.Nxd7
{ [%eval 65,15] [%emt 0:00:42] (Rd1) } 13...Qxc3+
{ [%eval 17,14] [%emt 0:00:11] (Qxc3) } 14.bxc3
{ [%eval 22,16] [%emt 0:00:42] (bxc3) } 14...Rfd8
{ [%eval -12,15] [%emt 0:00:39] (Rfd8) } 15.Ne5
{ [%eval 18,16] [%emt 0:00:42] (O-O-O) } 15...f6
{ [%eval 0,14] [%emt 0:00: 35] (Rab8) } 16.Ng6
{ [%eval 19,15] [%emt 0:00:42] (Nd3) } 16...Rab8
{ [%eval 16,14] [%emt 0:00:34] (Rab8) } 17.Rc1
{ [%eval 13,15] [%emt 0:00:42] (Nf4) } 17...Ba8
{ [%eval 21,14] [%emt 0:00:42] (Be4) } 18.Nf4
{ [%eval 6,14] [%emt 0:00:42] (f3) } 18...Nc7
{ [%eval 25,14] [%emt 0:01:17] (Nc7) } 19.Be2
{ [%eval 2,15] [%emt 0:00:42] (Be2) } 19...e5
{ [%eval 21,14] [%emt 0:00:48] (Rb2) } 20.Nd3
{ [%eval 5,15] [%emt 0: 00:42] (Nd5) } 20...Bxg2
{ [%eval 23,14] [%emt 0:00:47] (Ne6) } 21.Rg1
{ [%eval 65,14] [%emt 0:00:42] (Rg1) } 21...Bh3
{ [%eval 23,14] [%emt 0:00:38] (Be4) } 22.Nxc5
{ [%eval 34,14] [%emt 0:00:42] (Nxc5) } 22...Ne6
{ [%eval 22,14] [%emt 0:00:57] (Ne6) } 23.Ne4
{ [%eval 28,14] [%emt 0:00:42] (Ne4) } 23...Kf8
{ [%eval 28,14] [%emt 0:00:52] (Kf8) } 24.Rd1
{ [%eval 10,14] [%emt 0:00:42] (Rd1) } 24...Rxd1+
{ [%eval 64,15] [%emt 0:00:44] (Rb3) } 25.Bxd1
{ [%eval -15,15] [%emt 0:00:42] (Bxd1) } 25...Rb2
{ [%eval 47, 14] [%emt 0:00:39] (Bf5) } 26.Rg3
{ [%eval -21,14] [%emt 0:00:42] (Rg3) } 26...Bf5
{ [%eval 71,14] [%emt 0:00:33] (Bf5) } 27.Nd6
{ [%eval -25,14] [%emt 0:00:42] (Nd2) } 27...Bd3
{ [%eval 88,14] [%emt 0:00:52] (Nc5) } 28.h4
{ [%eval -24,13] [%emt 0: 00:42] (a4) } 28...Nc5
{ [%eval 124,14] [%emt 0:00:57] (Nc5) } 29.f4
{ [%eval -91,14] [%emt 0:00:42] (f3) } 29...exf4
{ [%eval 142,16] [%emt 0:01:04] (exf4) } 30.exf4
{ [%eval -100,14] [%emt 0:00:42] (exf4) } 30...Rb6
{ [%eval 185,15] [%emt 0:00:41] (Rb6) } 31.Nc8
{ [%eval -165,14] [%emt 0:00:56] (Nc8) } 31...Rc6
{ [%eval 195,16] [%emt 0: 00:59] (Rc6) } 32.Ne7
{ [%eval -168,14] [%emt 0:00:41] (Nxa7) } 32...Kxe7
{ [%eval 209, 15] [%emt 0:00:42] (Re6) } 33.Rxg7+
{ [%eval -215,13] [%emt 0:00:56] (Rxg7) } 33...Ke6
{ [%eval 218,15] [%emt 0:00:43] (Ke6) } 34.Kd2
{ [%eval -226,13] [%emt 0:00:40] (Rxa7) } 34...Bf5
{ [%eval 223,15] [%emt 0:00:31] (Rd6) } 35.Ke3
{ [%eval -219,14] [%emt 0:00:40] (Ke3) } 35...Rd6
{ [%eval 209,16] [%emt 0:01:24] (Ra6) } 36.Be2
{ [%eval -220,15] [%emt 0:00:40] (Be2) } 36...Ra6
{ [%eval 210,16] [%emt 0:00:36] (Ra6) } 37.Rc7
{ [%eval -225,15] [%emt 0:00:40] (Rc7) } 37...Ra5
{ [%eval 218,15] [%emt 0:00: 29] (Ra5) } 38.a4
{ [%eval -226,15] [%emt 0:00:40] (Bd1) } 38...Kd6
{ [%eval 235,15] [%emt 0:00:23] (Ne4) } 39.Rf7
{ [%eval -226,15] [%emt 0:00:40] (Rf7) } 39...Nd7
{ [%eval 254,15] [%emt 0:00:27] (Ke6) } 40.Bd1
{ [%eval -233,14] [%emt 0:00:40] (Bd1) } 40...Rc5
{ [%eval 279,16] [%emt 0:00:22] (Kc5) } 41.Be2
{ [%eval -230,15] [%emt 0:00:37] (Be2) } 41...Be6
{ [%eval 287,17] [%emt 0:00:42] (Be6) } 42.Rh7
{ [%eval -255,15] [%emt 0:00:37] (Rh7) } 42...Bxc4
{ [%eval 275,16] [%emt 0:00:26] (Bxc4) } 43.Rxh6
{ [%eval -308,15] [%emt 0:00:37] (Rxh6) } 43...Bxe2
{ [%eval 270,16] [%emt 0:00:32] (Bxe2) } 44.Kxe2
{ [%eval -308,15] [%emt 0:00:37] (Kxe2) } 44...Rxc3
{ [%eval 266,16] [%emt 0:00:26] (Rxc3) } 45.h5
{ [%eval -308,14] [%emt 0:00:37] (h5) } 45...Rc4
{ [%eval 219,16] [%emt 0:01:03] (Ra3) } 46.Ke3
{ [%eval -314,14] [%emt 0:00:37] (Kf3) } 46...Rxa4
{ [%eval 267,15] [%emt 0:00:22] (Rxa4) } 47.Rh8
{ [%eval -308,13] [%emt 0:00:37] (Rh8) } 47...Ra3+
{ [%eval 269,16] [%emt 0:00:31] (Ke6) } 48.Ke4
{ [%eval -317,13] [%emt 0:00:37] (Kf2) } 48...Ke6
{ [%eval 308,17] [%emt 0:00:53] (a5) } 49.f5+
{ [%eval -325,12] [%emt 0:00:37] (h6) } 49...Kd6
{ [%eval 327,17] [%emt 0:00:22] (Kd6) } 50.h6
{ [%eval -329,13] [%emt 0:00:37] (Kf4) } 50...Rh3
{ [%eval 334, 18] [%emt 0:00:36] (Ra4) } 51.Kf4
{ [%eval -330,14] [%emt 0:00:37] (Kf4) } 51...a5
{ [%eval 337,18] [%emt 0:00:27] (Rh1) } 52.Kg4
{ [%eval -339,14] [%emt 0:01:19] (Kg4) } 52...Rh1
{ [%eval 362,18] [%emt 0:00:47] (Rh1) } 53.h7
{ [%eval -339,13] [%emt 0:00:36] (Kg3) } 53...Kc7
{ [%eval 412,18] [%emt 0:00:38] (a4) } 54.Kg3
{ [%eval -335, 13] [%emt 0:00:36] (Ra8) } 54...Kb7
{ [%eval 482,18] [%emt 0:00:33] (Kd6) } 55.Kg2
{ [%eval -430,14] [%emt 0:00:36] (Re8) } 55...Rh5
{ [%eval 487,19] [%emt 0:00:39] (Rh6) } 56.Kf2
{ [%eval -436,13] [%emt 0:00:36] (Kg3) } 56...Rxf5+
{ [%eval 512,16] [%emt 0: 00:10] (Rxf5) } 57.Kg2
{ [%eval -472,12] [%emt 0:00:36] (Ke3) } 57...Rh5
{ [%eval 574, 17] [%emt 0:00:35] (Rh5) } 58.Kg3
{ [%eval -563,14] [%emt 0:01:17] (Kg3) } 58...a4
{ [%eval 575,18] [%emt 0:00:55] (a4) } 59.Kg4
{ [%eval -563,14] [%emt 0:00:34] (Kg4) } 59...Rh6
{ [%eval 581,18] [%emt 0:00:47] (Rh6) } 60.Re8
{ [%eval -563,13] [%emt 0:00:34] (Re8) } 60...Rxh7
{ [%eval 585,17] [%emt 0:00:14] (Rxh7) } 61.Re4
{ [%eval -564,12] [%emt 0:00:34] (Re2) } 0-1